 Dungeon Crawl Stone Soup version 0.28.0-43-g3370ac3207 (webtiles) character file.

Game seed: 7345999481900860478

67 styxcanada the Sneak (level 3, 0/18 HPs)
             Began as a Spriggan Brigand on Mar 25, 2022.
             Killed by divine providence
             ... invoked by an orc priest
              (11 damage)
             ... on level 3 of the Dungeon.
             The game lasted 00:04:50 (2349 turns).

styxcanada the Sneak (Spriggan Brigand)             Turns: 2349, Time: 00:04:50

Health: 0/18       AC:  3    Str:  7    XL:     3   Next: 98%
Magic:  4/4        EV: 17    Int: 12    God:
Gold:   103        SH:  0    Dex: 18    Spells: 2/2 levels left

rFire   . . .      SeeInvis +   j - +1 short sword (drain)
rCold   . . .      Faith    .   (no shield)
rNeg    . . .      Spirit   .   b - +0 robe
rPois   .          Reflect  .   (helmet restricted)
rElec   .          Harm     .   c - +0 cloak
rCorr   .          Rampage  .   (gloves unavailable)
Will    .....                   (boots unavailable)
Stlth   ++++......              (no amulet)
HPRegen 0.06/turn               (no ring)
MPRegen 0.09/turn               (no ring)

@: very quick
A: very small, no large weapons, unfitting armour, see invisible, speed 3
a: no special abilities


You were on level 3 of the Dungeon.
You visited 1 branch of the dungeon, and saw 3 of its levels.

You collected 103 gold pieces.

Inventory:

Hand Weapons
 a - a +2 dagger
 j - a +1 short sword of draining (weapon)
Missiles
 d - 11 poisoned darts (quivered)
 e - 2 curare-tipped darts
 f - 41 stones
 q - 8 sling bullets
Armour
 b - a +0 robe (worn)
 c - a +0 cloak (worn)
Magical Staves
 r - a staff of air
Jewellery
 k - a ring of flight
Scrolls
 g - a scroll of amnesia {unknown}
 l - a scroll of silence {unknown}
 m - a scroll of noise {unknown}
 n - a scroll of brand weapon {unknown}
 o - a scroll of teleportation {unknown}
 p - a scroll of torment {unknown}
Potions
 h - a potion of mutation {unknown}
 i - a potion of flight {unknown}


   Skills:
 + Level 1.9 Fighting
 + Level 3.2 Short Blades
 + Level 2.0 Throwing
 + Level 1.8 Dodging
 + Level 7.2 Stealth


You had 2 spell levels left.
You didn't know any spells.
Your spell library contained the following spells:

 Spells                   Type           Power      Damage    Failure   Level
 Animate Skeleton         Necr           0%         N/A       32%         1
 Pain                     Necr           0%         1d4       32%         1
 Vampiric Draining        Necr           0%         2d6       69%         3


Dungeon Overview and Level Annotations

Branches:
Dungeon (3/15)

Altars:

Shops:
D:1 [


Innate Abilities, Weirdness & Mutations

You are very small and have problems with some larger weapons.
You are too small for most types of armour.
You have supernaturally acute eyesight. (SInv)
You cover ground extremely quickly. (Speed+++)


Message History

Throw: 12 darts (poison)
Press: ? - help, Q - select action, (/) - cycle Shift-Dir - straight line, f/p - orc wizard
Aim: an orc wizard, wielding a +0 dagger and wearing a +0 robe (55% to hit)
You throw a poisoned dart. The poisoned dart hits the orc wizard.
The orc wizard is poisoned.
Unknown command.
You closely miss the orc wizard. The orc wizard closely misses you.
You completely miss the orc wizard.
The orc wizard is lightly wounded.
The orc wizard hits you but does no damage.
You hit the orc wizard. You drain the orc wizard.
The orc wizard is severely wounded.
The orc wizard points at you and mumbles some strange words.
The magic dart hits you!
You miss the orc wizard.
The orc wizard is severely wounded.
You hit the orc but do no damage.
The orc priest looks braver for a moment.
You hit the orc. You drain the orc.
The orc is almost dead.
The orc closely misses you.
You hit the orc.
You kill the orc!
You barely miss the orc wizard.
The orc wizard is almost dead.
You kill the orc wizard!
Your Short Blades skill increases to level 3!
Your Stealth skill increases to level 7!
The orc barely misses you.
Items here: )) [[ †.
You hit the orc. Your punch misses the orc.
The orc is severely wounded.
You hit the orc.
You kill the orc!
You hit the orc priest. You drain the orc priest.
The orc priest is heavily wounded.
The orc priest invokes the aid of Beogh against you.
Beogh smites you!
Ouch! That really hurt!
You die...

#........#...#. . ...
#...##......... ###l#..
#............#. ....#..
#...##...#..... .....
#........#...#. ...o
#..####.##...#. #..
#..#.)..##.....
#####..#####..............
...(....o@.........#..###.
#####..#####.......#..###.
#.. ..........##......
...............##..###.
###.#######.....##..# #.
#. ........'...# #. #.
####....##..# #. #.
#######..# #. #..# #.


You could see an orc priest (drained).

Vanquished Creatures
  An orc wizard (D:3)
  A dart slug (D:1)
  3 orcs (D:3)
  A bat (D:1)
  5 endoplasms
  2 goblins
  5 hobgoblins
  3 kobolds
  A quokka (D:2)
  7 ball pythons
  5 frilled lizards
  A rat (D:1)
35 creatures vanquished.

Notes
Turn   | Place    | Note
-------+----------+-------------------------------------------
     0 | D:1      | styxcanada the Spriggan Brigand began the quest for the
                  | Orb.
     0 | D:1      | Reached XP level 1. HP: 10/10 MP: 2/2
   114 | D:1      | Reached skill level 6 in Stealth
   374 | D:1      | Reached XP level 2. HP: 7/14 MP: 3/3
   936 | D:1      | Found a faded altar of an unknown god.
   962 | D:1      | Found Alargh's Armour Shoppe.
  1741 | D:2      | Reached XP level 3. HP: 18/18 MP: 4/4
  2346 | D:3      | Reached skill level 7 in Stealth
  2349 | D:3      | Killed from afar by an orc priest

Illustrated notes

Levels and vault maps discovered:
D:1:      minmay_arrival_semitransparent, layout_basic, serial_shops,
          nicolae_lakefront_shop, ebering_ecumenical_altar_hall
D:2:      layout_loops_ring
D:3:      layout_basic, chequers_serial_rivers_room_a, mrwooster_statue_mirror,
          uniq_natasha

Skill      XL: |  1  2  3 |
---------------+----------+-----
Stealth        | 6 7 |  7.2
Short Blades   | 3 |  3.2
Fighting       | |  1.9
Throwing       | |  2.0
Dodging        | |  1.8

Action                   || total
-------------------------++-------
Melee: Dagger            ||    12
       Punch             ||     2
       Short sword       ||    62
Throw: Dart              ||     2
 Stab: Sleeping          ||    10
Armor: Robe              ||     3
Dodge: Dodged            ||    31
